 Dungeon Crawl Stone Soup version 0.27-a0-1065-ge809cff456 (webtiles) character file.

Game seed: 15634187791250725438

548 senseless the Cudgeller (level 7, -5/52 HPs)
             Began as a Human Monk on Apr 23, 2021.
             Was a Priest of Kikubaaqudgha.
             Killed by divine providence
             ... invoked by an orc priest
              (11 damage)
             ... on level 5 of the Dungeon.
             The game lasted 00:22:56 (6015 turns).

senseless the Cudgeller (Human Monk)                Turns: 6015, Time: 00:22:56

Health: -5/52      AC:  2    Str: 17    XL:     7   Next: 53%
Magic:  12/12      EV: 13    Int: 12    God:    Kikubaaqudgha [***...]
Gold:   258        SH:  0    Dex: 16    Spells: 11/13 levels left

rFire    . . .     SeeInvis .   a - +0 mace (spect)
rCold    . . .     Faith    .   (no shield)
rNeg     . . .     Spirit   .   b - +0 robe
rPois    .         Reflect  .   (no helmet)
rElec    .         Harm     .   (no cloak)
rCorr    .         Rampage  .   (no gloves)
Will     .....                  (no boots)
Stlth    ++........             g - amulet of magic regeneration
HPRegen  0.17/turn              d - +6 ring of strength
MPRegen  0.38/turn              (no ring)

@: no status effects
A: no striking features
a: Renounce Religion, Receive Corpses


You were on level 5 of the Dungeon.
You worshipped Kikubaaqudgha.
Kikubaaqudgha was most pleased with you.
You visited 1 branch of the dungeon, and saw 5 of its levels.
You also visited: Sewer.

You collected 258 gold pieces.

Inventory:

Hand Weapons
 a - a +0 spectral mace (weapon)
Missiles
 v - a curare-tipped dart (quivered)
Armour
 b - a +0 robe (worn)
 e - a +0 plate armour
 f - a +0 scale mail
 l - a +3 chain mail of fire resistance
 p - the +14 plate armour "Otixkuen" {rPois Will- Int+2 SInv}
   (You found it on level 4 of the Dungeon)

   It affects your intelligence (+2).
   It protects you from poison.
   It lets you see invisible.
   It decreases your willpower.
Jewellery
 d - a +6 ring of strength (left hand)
 g - an amulet of magic regeneration (around neck)
 j - an amulet of the acrobat
Wands
 h - a wand of polymorph (7)
Scrolls
 o - a scroll of amnesia
 u - a scroll of teleportation
Potions
 c - a potion of curing
 i - 2 potions of magic
 k - 2 potions of mutation {unknown}
 m - a potion of haste {unknown}
 n - 2 potions of heal wounds {unknown}
 q - a potion of berserk rage {unknown}
 r - a potion of attraction {unknown}
 s - 3 potions of flight {unknown}
 t - a potion of brilliance {unknown}
 w - a potion of degeneration {unknown}


   Skills:
 + Level 3.6 Fighting
 + Level 4.1 Maces & Flails
 + Level 0.7 Armour
 + Level 3.5 Dodging
 + Level 2.7 Stealth
 * Level 3.8 Spellcasting
 * Level 3.7 Necromancy


You had 11 spell levels left.
You knew the following spells:

 Your Spells              Type           Power      Damage    Failure   Level
a - Animate Skeleton      Necr           22%        N/A       4%          1
b - Pain                  Necr           44%        1d6       4%          1

Your spell library contained the following spells:

 Spells                   Type           Power      Damage    Failure   Level
 Sublimation of Blood     Necr           5%         N/A       8%          2
 Vampiric Draining        Necr           5%         2d6       14%         3
 Dispel Undead            Necr           11%        3d9       43%         4
 Agony                    Necr           11%        N/A       80%         5
 Excruciating Wounds      Necr           5%         N/A       80%         5
 Borgnjor's Vile Clutch   Necr/Erth      3%         N/A       96%         5
 Simulacrum               Ice/Necr       3%         N/A       100%        6


Dungeon Overview and Level Annotations

Branches:
Dungeon (5/15)             Temple (0/1) D:5           Sewer (visited)

Altars:
Kikubaaqudgha
Beogh

Annotations:
D:3 3 runed translucent doors, vurker's ghost, amateur DjAE


Message History

The orc priest struggles to resist.
The orc priest hits you from afar with a +0 trident!
You are too injured to fight recklessly!
You are too injured to fight recklessly!
The orc priest hits you with a +0 trident.
Things that are here:
a +0 dagger; an orc corpse You hit the orc priest but do no damage.
The orc priest is lightly wounded.
The orc priest closely misses you.
You completely miss the orc priest.
The orc priest is lightly wounded.
The orc priest looks satisfied for a moment.
You hit the orc priest.
The orc priest is moderately wounded.
The orc priest closely misses you.
The orc priest hits you with a +0 trident!
* * * LOW HITPOINT WARNING * * *
You hit the orc priest.
The orc priest is heavily wounded.
The orc priest hits you with a +0 trident.
* * * LOW HITPOINT WARNING * * *
The orc priest hits you from afar with a +0 trident.
* * * LOW HITPOINT WARNING * * *
The orc priest looks encouraged for a moment.
As you read the scroll of teleportation, it crumbles to dust.
You feel strangely unstable.
Your surroundings suddenly seem different.
Splash!
You fall into the shallow water.
Moving in this stuff is going to be slow.
You start resting.
An orc priest is nearby!
Found a stone staircase leading up.
Found a ring mail.
Found 12 gold pieces.
The orc priest calls down the wrath of Beogh upon you.
Beogh smites you!
You die...
Kikubaaqudgha rasps: "You have failed me!
Welcome... death!"

#...≈≈≈≈≈o≈≈.........
#...#≈≈≈≈≈≈o#....##...
#.....≈≈≈≈≈........#
#.....#...#........###
............).........##
........................#
...............#...##...#
..........####.# ..#
........<@....#
#........#......#
#..#...........#
#######....##.## ...$..#
## #.....## ##....#
#.....


You could see an orc priest.

Vanquished Creatures
  A kobold brigand (Sewer)
  2 scorpions
  A wyvern skeleton (D:5)
  A jelly (D:5)
  An orc priest (D:3)
  An orc wizard (D:3)
  A scorpion zombie (D:3)
  A howler monkey zombie (D:4)
  4 river rats (Sewer)
  2 adders
  3 adder skeletons
  A worm (Sewer)
  4 orcs
  10 ball pythons
  2 bats
  2 bat skeletons (D:2)
  6 endoplasms
  6 giant cockroaches
  7 goblins
  9 hobgoblins
  14 jackals
  2 quokkas
  2 frilled lizards
  A jackal skeleton (D:4)
  9 kobolds
  A quokka skeleton (D:2)
  5 rats
99 creatures vanquished.

Vanquished Creatures (others)
  An orc wizard (D:3)
  2 withered plants (D:2)
3 creatures vanquished.

Grand Total: 102 creatures vanquished

Notes
Turn   | Place    | Note
-------+----------+-------------------------------------------
     0 | D:1      | senseless the Human Monk began the quest for the Orb.
     0 | D:1      | Reached XP level 1. HP: 18/18 MP: 1/1
   286 | D:1      | Reached XP level 2. HP: 23/24 MP: 2/2
   599 | D:1      | Reached XP level 3. HP: 29/29 MP: 3/3
  1319 | D:2      | Found a faded altar of an unknown god.
  1330 | D:2      | Became a worshipper of Kikubaaqudgha
  1330 | D:2      | Reached * piety under Kikubaaqudgha
  1330 | D:2      | Identified Kikubaaqudgha's Almanac of Evil Arts
                  | (Kikubaaqudgha gifted it to you on level 2 of the Dungeon)
  1330 | D:2      | Received a gift from Kikubaaqudgha
  1330 | D:2      | Reached ** piety under Kikubaaqudgha
  1390 | D:2      | Learned a level 1 spell: Animate Skeleton
  1392 | D:2      | Learned a level 1 spell: Pain
  1641 | D:2      | Reached XP level 4. HP: 30/35 MP: 2/4
  1823 | D:2      | Reached *** piety under Kikubaaqudgha
  1823 | D:2      | Identified Kikubaaqudgha's Almanac of Unholy Rites
                  | (Kikubaaqudgha gifted it to you on level 2 of the Dungeon)
  1823 | D:2      | Received a gift from Kikubaaqudgha
  2766 | D:3      | Reached skill level 1 in Spellcasting
  2766 | D:3      | Reached skill level 1 in Necromancy
  2815 | D:3      | Reached XP level 5. HP: 33/41 MP: 6/6
  3340 | D:3      | Found a runed translucent gate.
  3340 | D:3      | Found a runed translucent gate.
  3340 | D:3      | Found a runed translucent gate.
  3666 | D:3      | Noticed vurker's ghost (amateur DjAE)
  4016 | D:4      | Reached XP level 6. HP: 45/47 MP: 5/8
  4054 | D:4      | Reached skill level 4 in Maces & Flails
  4401 | D:4      | Identified the +14 plate armour "Otixkuen" {rPois Will-
                  | Int+2 SInv}
  5006 | D:5      | Entered Level 5 of the Dungeon
  5007 | D:5      | Found a glowing drain.
  5024 | Sewer    | Entered a sewer
  5608 | Sewer    | Reached XP level 7. HP: 40/52 MP: 9/11
  5777 | D:5      | Found a staircase to the Ecumenical Temple.
  6015 | D:5      | Killed from afar by an orc priest

Illustrated notes

Levels and vault maps discovered:
D:1:      dpeg_arrival_tiny_f, layout_loops_cross, minmay_misc_feat_room
D:2:      layout_loops_corners, serial_undead, serial_undead_d, serial_undead_c,
          serial_undead_b, serial_undead_f, hellmonk_ecumenical_altar_blasted,
          minmay_misc_feat_pillars
D:3:      layout_basic, gammafunk_ghost_icy, kennysheep_orc_chapel
D:4:      layout_basic, minivault_5
D:5:      layout_cave_pools, pf_just_have_faith,
          minmay_temple_entry_drinking_statues, cheibrodos_sewer_entry_drain

Skill      XL: |  1  2  3  4  5  6 |
---------------+-------------------+-----
Spellcasting   | 1 3 |  3.8
Necromancy     | 1 2 3 |  3.7
Maces & Flails | 4 |  4.1
Fighting       | |  3.6
Armour         | |  0.7
Dodging        | |  3.5
Stealth        | |  2.7

Action                   |  1- 3 |  4- 6 |  7- 9 || total
-------------------------+-------+-------+-------++-------
Melee: Mace              |   114 |   116 |    15 ||   245
 Cast: Pain              |     4 |    81 |    13 ||    98
       Animate Skeleton  |       |     4 |       ||     4
  Use: Scroll            |     4 |     4 |     3 ||    11
 Stab: Sleeping          |     3 |     2 |       ||     5
Armor: Robe              |    15 |    13 |     1 ||    29
       Scale mail        |    23 |       |       ||    23
       Chain mail        |       |     9 |       ||     9
Dodge: Dodged            |    95 |    69 |     8 ||   172

Table legend: (Time is in decaauts)
 A = Elapsed time spent in this place.
 B = Non-inter-level travel time spent in this place.
 C = Inter-level travel time spent in this place.
 D = Time resting spent in this place.
 E = Time spent auto-exploring this place.
 F = Levels seen in this place.
 G = Mean time per level.
                   A        B        C        D        E       F      G
               +--------+--------+--------+--------+--------+-----+--------+
         Total |   6151 |   6040 |    111 |    197 |   4928 |   6 | 1025.2 |
       Dungeon |   5355 |   5244 |    111 |    100 |   4410 |   5 | 1071.0 |
         Sewer |    796 |    796 |      0 |     97 |    517 |   1 |  796.0 |
               +--------+--------+--------+--------+--------+-----+--------+

Top non-repeatable levels by time:
     D:2: 1482 daAuts
     D:1: 1290 daAuts
     D:4: 1166 daAuts
     D:3: 1113 daAuts
   Sewer: 796 daAuts
     D:5: 303 daAuts
